MLB
HOUSTON ASTROS @ CHICAGO (A) WHITE SOX
09/21/2041
 
TOP OF THE 1ST
Houston Astros batting - Pitching for Chicago (A) White Sox : LHP Whit Nixon
Pitching: LHP Whit Nixon
Batting: RHB Ted Valéncia 0-0: Ball
1-0: Ball
2-0: Foul Ball, location: 2F
2-1: Foul Ball, location: 7LDF
2-2: Fly out, F8 (Flyball, 89D, EV 105.6 MPH)
Batting: RHB Tim O'Kinsella 0-0: Called Strike
0-1: Foul Ball, location: 7LSF
0-2: Ball
1-2: Ball
2-2: Strikes out looking
Batting: RHB José Mercado 0-0: Ball
1-0: Ball
2-0: Ball
3-0: Base on Balls
Batting: RHB José Archuleta 0-0: Ball
1-0: Swinging Strike
Pickoff Throw to First - Out! 1-3
Top of the 1st over - 0 runs, 0 hits, 0 errors, 0 left on base; Houston 0 - Chicago (A) 0
BOTTOM OF THE 1ST
Chicago (A) White Sox batting - Pitching for Houston Astros : RHP Doug Jenkins
Pitching: RHP Doug Jenkins
Batting: LHB Juan Carlos Jiménez 0-0: Foul Ball, location: 2F
0-1: Ball
1-1: Foul Ball, location: 2F
1-2: Ball
2-2: Ball
3-2: Ground out 4-3 (Groundball, 4MD, EV 106.9 MPH)
Batting: RHB Jon Heath 0-0: Ball
1-0: Swinging Strike
1-1: Called Strike
1-2: Ball
2-2: Foul Ball, location: 2F
2-2: Ground out 4-3 (Groundball, 4, EV 92.5 MPH)
Batting: LHB Stan Waters 0-0: Ball
1-0: Swinging Strike
1-1: Ball
2-1: Ball
3-1: Fly out, F9 (Flyball, 9LS, EV 80.6 MPH)
Bottom of the 1st over - 0 runs, 0 hits, 0 errors, 0 left on base; Houston 0 - Chicago (A) 0
TOP OF THE 2ND
Houston Astros batting - Pitching for Chicago (A) White Sox : LHP Whit Nixon
Batting: RHB José Archuleta 0-0: Ball
1-0: Ball
2-0: Swinging Strike
2-1: Ground out 6-3 (Groundball, 6, EV 79.4 MPH)
Batting: LHB José Robles 0-0: Foul Ball, location: 2F
0-1: Ball
1-1: Ball
2-1: Ball
3-1: Base on Balls
Batting: RHB Manny Castillo 0-0: Swinging Strike
0-1: Ball
1-1: SINGLE (Groundball, 4MD, EV 96.3 MPH)
José Robles to second
Batting: RHB Ben Davis 0-0: Called Strike
0-1: Swinging Strike
0-2: Grounds into double play, 5-4-3 (Groundball, 56, EV 98.8 MPH)
Top of the 2nd over - 0 runs, 1 hit, 0 errors, 1 left on base; Houston 0 - Chicago (A) 0
BOTTOM OF THE 2ND
Chicago (A) White Sox batting - Pitching for Houston Astros : RHP Doug Jenkins
Batting: RHB Mal Williamson 0-0: Called Strike
0-1: Swinging Strike
0-2: Foul Ball, location: 2F
0-2: Foul Ball, location: 25F
0-2: Ball
1-2: Ball
2-2: Ball
3-2: SINGLE (Line Drive, 8RS, EV 100.6 MPH)
Batting: LHB Mal Reed 0-0: Fly out, F8 (Flyball, 8RM, EV 96.3 MPH)
Batting: LHB Jon Gates 0-0: Foul Ball, location: 7LDF
0-1: Called Strike
0-2: Foul Ball, location: 3FF
0-2: DOUBLE (Line Drive, 78D, EV 110.6 MPH)
Mal Williamson to third
Runner from 3rd tries for Home, SAFE, no throw by CF
Batting: LHB Jim Beard 0-0: Ball
Jon Gates is caught stealing 3rd base 2-5
1-0: Called Strike
1-1: Fly out, F9 (Flyball, 9, EV 84.4 MPH)
Bottom of the 2nd over - 1 run, 2 hits, 0 errors, 0 left on base; Houston 0 - Chicago (A) 1
TOP OF THE 3RD
Houston Astros batting - Pitching for Chicago (A) White Sox : LHP Whit Nixon
Batting: RHB Kokushi Uemura 0-0: Ball
1-0: Foul Ball, location: 9LMF
1-1: Ball
2-1: Ground out 5-3 (Groundball, 56, EV 100.0 MPH)
Batting: RHB Sandro Ayala 0-0: Called Strike
0-1: Foul Ball, location: 25F
0-2: SINGLE (Groundball, 6MD, EV 94.4 MPH)
Batting: RHB Ted Valéncia 0-0: Ball
1-0: Foul Ball, location: 2F
1-1: Swinging Strike
1-2: Ball
2-2: Fly out, F4 (Popup, 4MD, EV 43.8 MPH)
Batting: RHB Tim O'Kinsella 0-0: Ball
1-0: Fly out, F9 (Flyball, 9, EV 92.5 MPH)
Top of the 3rd over - 0 runs, 1 hit, 0 errors, 1 left on base; Houston 0 - Chicago (A) 1
BOTTOM OF THE 3RD
Chicago (A) White Sox batting - Pitching for Houston Astros : RHP Doug Jenkins
Batting: LHB Jim Alexander 0-0: Called Strike
0-1: SINGLE (Line Drive, 78S, EV 106.9 MPH)
Batting: RHB José García 0-0: Ball
1-0: Bunt missed!
1-1: Bunted foul
1-2: Ball
2-2: Ball
3-2: Foul Ball, location: 23FF
3-2: SINGLE (Line Drive, 9LS, EV 94.4 MPH)
Jim Alexander to second
Batting: LHB Juan Carlos Jiménez 0-0: Sac Bunt to 13 - play at first, batter OUT! 1-3
Jim Alexander to third
José García to second
Batting: RHB Jon Heath 0-0: Called Strike
0-1: Called Strike
0-2: Ball
1-2: Ground out 6-3 (Groundball, 6, EV 94.4 MPH)
Jim Alexander scores
Batting: LHB Stan Waters 0-0: Called Strike
0-1: Ball
1-1: 2-RUN HOME RUN (Flyball, 7LD, EV 93.8 MPH), Distance : 340 ft
Batting: RHB Mal Williamson 0-0: Ball
1-0: Ball
2-0: Fly out, F8 (Flyball, 8RD, EV 94.4 MPH)
Bottom of the 3rd over - 3 runs, 3 hits, 0 errors, 0 left on base; Houston 0 - Chicago (A) 4
TOP OF THE 4TH
Houston Astros batting - Pitching for Chicago (A) White Sox : LHP Whit Nixon
Batting: RHB José Mercado 0-0: Called Strike
0-1: Ball
1-1: Foul Ball, location: 9LMF
1-2: Ball
2-2: Strikes out swinging
Batting: RHB José Archuleta 0-0: Ground out 4-3 (Groundball, 4, EV 86.9 MPH)
Batting: LHB José Robles 0-0: Ball
1-0: Ball
2-0: Fly out, F8 (Flyball, 8RXD, EV 103.8 MPH)
Top of the 4th over - 0 runs, 0 hits, 0 errors, 0 left on base; Houston 0 - Chicago (A) 4
BOTTOM OF THE 4TH
Chicago (A) White Sox batting - Pitching for Houston Astros : RHP Doug Jenkins
Batting: LHB Mal Reed 0-0: Called Strike
0-1: Ball
1-1: Foul Ball, location: 5F
1-2: Strikes out swinging
Batting: LHB Jon Gates 0-0: Swinging Strike
0-1: Ball
1-1: Called Strike
1-2: Ground out 6-3 (Groundball, 4MS, EV 89.4 MPH)
Batting: LHB Jim Beard 0-0: Called Strike
0-1: Ball
1-1: Ball
2-1: Ball
3-1: Foul Ball, location: 2F
3-2: Ground out U3 (Groundball, 3S, EV 73.1 MPH)
Bottom of the 4th over - 0 runs, 0 hits, 0 errors, 0 left on base; Houston 0 - Chicago (A) 4
TOP OF THE 5TH
Houston Astros batting - Pitching for Chicago (A) White Sox : LHP Whit Nixon
Batting: RHB Manny Castillo 0-0: Ball
1-0: Ball
2-0: Ground out 6-3 (Groundball, 6, EV 101.9 MPH)
Batting: RHB Ben Davis 0-0: Swinging Strike
0-1: Ground out 5-3 (Groundball, 56, EV 107.5 MPH)
Batting: RHB Kokushi Uemura 0-0: Ball
1-0: Ball
2-0: Foul Ball, location: 3F
2-1: SINGLE (Line Drive, 56, EV 96.3 MPH)
Batting: RHB Sandro Ayala 0-0: Called Strike
0-1: Foul Ball, location: 2F
0-2: Foul Ball, location: 2F
0-2: Fly out, F8 (Line Drive, 8LM, EV 93.1 MPH)
Top of the 5th over - 0 runs, 1 hit, 0 errors, 1 left on base; Houston 0 - Chicago (A) 4
BOTTOM OF THE 5TH
Chicago (A) White Sox batting - Pitching for Houston Astros : RHP Doug Jenkins
Batting: LHB Jim Alexander 0-0: Called Strike
0-1: Swinging Strike
0-2: Ball
1-2: Ball
2-2: Ball
3-2: Foul Ball, location: 5F
3-2: Base on Balls
Batting: RHB José García 0-0: Foul Ball, location: 3FF
0-1: Foul Ball, location: 7LSF
0-2: Ball
1-2: Strikes out looking
Batting: LHB Juan Carlos Jiménez 0-0: Swinging Strike
0-1: Ball
1-1: Foul Ball, location: 2F
1-2: Foul Ball, location: 23F
1-2: Ball
2-2: Ball
3-2: Foul Ball, location: 2F
3-2: Strikes out swinging
Batting: RHB Jon Heath 0-0: Foul Ball, location: 9LDF
0-1: Ball
1-1: Ball
2-1: Foul Ball, location: 9LMF
2-2: Fly out, F7 (Line Drive, 78M, EV 102.5 MPH)
Bottom of the 5th over - 0 runs, 0 hits, 0 errors, 1 left on base; Houston 0 - Chicago (A) 4
TOP OF THE 6TH
Houston Astros batting - Pitching for Chicago (A) White Sox : LHP Whit Nixon
Batting: RHB Ted Valéncia 0-0: Foul Ball, location: 5DF
0-1: Called Strike
0-2: Ball
1-2: Ground out 5-3 (Groundball, 56S, EV 83.8 MPH)
Batting: RHB Tim O'Kinsella 0-0: Foul Ball, location: 5SF
0-1: Ball
1-1: Ball
2-1: Foul Ball, location: 2F
2-2: Foul Ball, location: 2F
2-2: SINGLE (Groundball, 56D, EV 110.0 MPH)
Batting: RHB José Mercado 0-0: Called Strike
0-1: Swinging Strike
0-2: Ball
1-2: Strikes out swinging
Batting: RHB José Archuleta 0-0: Fielders Choice at 2nd, 6-4 (Groundball, 6, EV 86.9 MPH)
Top of the 6th over - 0 runs, 1 hit, 0 errors, 1 left on base; Houston 0 - Chicago (A) 4
BOTTOM OF THE 6TH
Chicago (A) White Sox batting - Pitching for Houston Astros : RHP Doug Jenkins
Batting: LHB Stan Waters 0-0: Called Strike
0-1: SINGLE (Line Drive, 8LS, EV 105.6 MPH)
Batting: RHB Mal Williamson 0-0: Ball
1-0: Called Strike
1-1: Foul Ball, location: 9LDF
1-2: Foul Ball, location: 3SF
1-2: Grounds into double play, 5-4-3 (Groundball, 5, EV 78.1 MPH)
Batting: LHB Mal Reed 0-0: Fly out, F7 (Flyball, 7, EV 88.8 MPH)
Bottom of the 6th over - 0 runs, 1 hit, 0 errors, 0 left on base; Houston 0 - Chicago (A) 4
TOP OF THE 7TH
Houston Astros batting - Pitching for Chicago (A) White Sox : LHP Whit Nixon
Batting: LHB José Robles 0-0: Ball
1-0: Fly out, F5 (Popup, 56S, EV 76.3 MPH)
Batting: RHB Manny Castillo 0-0: Swinging Strike
0-1: Foul Ball, location: 7LDF
0-2: Ball
1-2: Ball
2-2: Foul Ball, location: 5DF
2-2: DOUBLE (Line Drive, 89M, EV 108.1 MPH)
Batting: RHB Ben Davis 0-0: Foul Ball, location: 9LDF
0-1: Swinging Strike
0-2: Ball
1-2: Strikes out looking
Batting: RHB Kokushi Uemura 0-0: Called Strike
0-1: Fly out, F7 (Flyball, 7, EV 86.3 MPH)
Top of the 7th over - 0 runs, 1 hit, 0 errors, 1 left on base; Houston 0 - Chicago (A) 4
BOTTOM OF THE 7TH
Chicago (A) White Sox batting - Pitching for Houston Astros : RHP Doug Jenkins
Batting: LHB Jon Gates 0-0: Ground out 6-3 (Groundball, 6, EV 98.1 MPH)
Batting: LHB Jim Beard 0-0: Called Strike
0-1: Foul Ball, location: 2F
0-2: Ball
1-2: Ground out 4-3 (Groundball, 4MD, EV 103.8 MPH)
Batting: LHB Jim Alexander 0-0: Ball
1-0: Called Strike
1-1: Foul Ball, location: 2F
1-2: Ball
2-2: Ball
3-2: Strikes out swinging
Bottom of the 7th over - 0 runs, 0 hits, 0 errors, 0 left on base; Houston 0 - Chicago (A) 4
TOP OF THE 8TH
Houston Astros batting - Pitching for Chicago (A) White Sox : LHP Whit Nixon
Pitching: RHP Ken White
Batting: RHB Sandro Ayala 0-0: Foul Ball, location: 2F
0-1: Ball
1-1: Ball
2-1: Fly out, F5 (Popup, 5F, EV 65.0 MPH)
Batting: RHB Ted Valéncia 0-0: Ball
1-0: Swinging Strike
1-1: Ball
2-1: Ball
3-1: Base on Balls
Batting: RHB Tim O'Kinsella 0-0: Called Strike
0-1: Ball
1-1: Foul Ball, location: 2F
1-2: Ball
2-2: Strikes out looking
Batting: RHB José Mercado 0-0: Foul Ball, location: 5DF
0-1: Called Strike
0-2: Foul Ball, location: 25FF
0-2: Foul Ball, location: 3FF
0-2: Ball
1-2: Fly out, F8 (Line Drive, 8RM, EV 97.5 MPH)
Top of the 8th over - 0 runs, 0 hits, 0 errors, 1 left on base; Houston 0 - Chicago (A) 4
BOTTOM OF THE 8TH
Chicago (A) White Sox batting - Pitching for Houston Astros : RHP Doug Jenkins
Pitching: RHP José Menéndez
Batting: RHB José García 0-0: Called Strike
0-1: Ball
1-1: Fly out, F3 (Line Drive, 3, EV 68.8 MPH)
Batting: LHB Juan Carlos Jiménez 0-0: Called Strike
0-1: Ball
1-1: Foul Ball, location: 2RF
1-2: Ball
2-2: Ground out 6-3 (Groundball, 6M, EV 101.9 MPH)
Batting: RHB Jon Heath 0-0: Fly out, F4 (Popup, 4D, EV 50.6 MPH)
Bottom of the 8th over - 0 runs, 0 hits, 0 errors, 0 left on base; Houston 0 - Chicago (A) 4
TOP OF THE 9TH
Houston Astros batting - Pitching for Chicago (A) White Sox : RHP Ken White
Batting: RHB José Archuleta 0-0: Called Strike
0-1: Ball
1-1: Ball
2-1: Fly out, F7 (Flyball, 78M, EV 72.5 MPH)
Batting: LHB José Robles 0-0: Called Strike
0-1: Ball
1-1: Foul Ball, location: 25F
1-2: Foul Ball, location: 5F
1-2: Foul Ball, location: 5FF
1-2: Fly out, F9 (Flyball, 9, EV 89.4 MPH)
Pinch Hitting: LHB Joe Rivera 0-0: Called Strike
0-1: Foul Ball, location: 5FF
0-2: Foul Ball, location: 2F
0-2: Foul Ball, location: 5F
0-2: Ball
1-2: Ball
2-2: Ball
3-2: Base on Balls
Batting: RHB Ben Davis 0-0: Ball
1-0: Ball
2-0: Swinging Strike
2-1: SINGLE (Groundball, 6D, EV 100.6 MPH)
Joe Rivera to second
Pitching: LHP Ernesto Martínez
Batting: RHB Kokushi Uemura 0-0: Called Strike
0-1: SINGLE (Line Drive, 9S, EV 91.9 MPH)
Joe Rivera to third
Ben Davis to second
Pinch Hitting: RHB Ángelo Guzmán 0-0: Called Strike
0-1: Ball
1-1: Fly out, F7 (Flyball, 7S, EV 88.1 MPH)
Top of the 9th over - 0 runs, 2 hits, 0 errors, 3 left on base; Houston 0 - Chicago (A) 4
Sunday, March 24th , 2024 - OOTP Baseball 24.10 Build 82